Map: [ESL] Waterfall

Players

Solar

  • Race: Zerg Zerg
  • Spawn Location: 1:00

HeroMarine - Winner!

  • Race: Terran Terran
  • Spawn Location: 7:00

Event: TSL 9

VOD

Have the link to the VOD?

Description

Time

  • Played on: Aug. 15, 2022, 6:14 a.m.
  • Length: 11:04

All games in this series

Show
View Real Time Build Order
Export as new Build Order

Solar Zerg 

Build Orders: Hatch First 

Get SALT Encoding   

  12  0:00  Drone  
  13  0:11  Overlord  
  13  0:17  Drone  
  14  0:31  Drone x2  
  16  0:48  Hatchery  
  15  0:51  Drone  
  15  0:54  Drone  
  17  0:59  Drone  
  18  1:09  Extractor  
  17  1:14  Spawning Pool  
  17  1:18  Drone  
  17  1:21  Drone  
  18  1:30  Drone  
  19  1:39  Drone  
  20  1:52  Drone  
  21  2:01  Queen x2  
  21  2:02  Zergling x4  
  27  2:13  Overlord  
  27  2:17  Drone  
  27  2:22  Hatchery  
  27  2:25  Drone  
  28  2:32  Drone x3  
  31  2:41  Queen  
  33  2:45  Overlord  
  33  2:49  Drone  
  34  2:54  Metabolic Boost  
  34  2:55  Drone  
  34  2:58  Drone  
  36  3:04  Drone x2  
  37  3:08  Drone x2  
  39  3:13  Drone  
  39  3:17  Queen  
  39  3:18  Overlord  
  42  3:20  Drone  
  43  3:34  Queen x2  
  43  3:36  Drone x3  
  43  3:40  Drone  
  51  3:42  Drone x2  
  51  3:44  Drone  
  51  3:45  Drone  
  51  3:48  Overlord  
  55  3:51  Drone  
  55  3:53  Drone  
  57  3:57  Baneling Nest  
  57  3:58  Drone  
  57  3:59  Overlord  
  57  4:06  Drone  
  57  4:07  Zergling x8  
  62  4:11  Queen  
  62  4:14  Zergling x2  
  65  4:17  Overlord  
  65  4:20  Zergling x2  
  66  4:26  Drone, Extractor  
  66  4:27  Zergling x14  
  66  4:30  Overlord  
  73  4:33  Overlord  
  73  4:36  Zergling x4  
  75  4:40  Baneling  
  75  4:41  Baneling x4  
  75  4:42  Zergling x4  
  75  4:43  Baneling  
  75  4:44  Zergling x2  
  78  4:49  Zergling x2  
  78  4:52  Drone  
  80  4:53  Drone  
  80  4:54  Zergling x10  
  80  4:56  Drone  
  80  4:57  Overlord  
  80  4:58  Drone  
  88  5:00  Drone  
  88  5:04  Drone  
  88  5:06  Lair  
  90  5:09  Evolution Chamber  
  90  5:10  Drone x2, Extractor  
  90  5:12  Drone  
  91  5:17  Overlord  
  91  5:18  Drone  
  90  5:25  Drone  
  90  5:26  Drone  
  86  5:29  Zergling x6  
  86  5:34  Zergling x4  
  81  5:38  Queen  
  81  5:39  Drone x2  
  81  5:40  Drone  
  81  5:41  Zergling x8  
  90  5:44  Extractor  
  90  5:45  Drone  
  90  5:46  Zerg Ground Armor Level 1  
  90  5:47  Drone  
  91  5:55  Drone  
  91  5:56  Drone  
  94  5:57  Drone  
  94  6:00  Baneling x3  
  94  6:01  Hatchery  
  94  6:02  Overlord  
  93  6:04  Centrifugal Hooks  
  93  6:07  Zergling x8  
  93  6:09  Zergling x2, Baneling  
  93  6:10  Baneling  
  98  6:11  Zergling x6  
  98  6:13  Zergling x4  
  98  6:15  Baneling x2  
  98  6:16  Zergling x4  
  105  6:20  Baneling x2  
  105  6:23  Zergling x4  
  107  6:27  Overlord  
  107  6:29  Baneling x2  
  107  6:30  Drone  
  108  6:33  Baneling x2  
  108  6:34  Queen  
  108  6:36  Zergling x2  
  108  6:38  Drone  
  111  6:45  Zergling x4  
  113  6:48  Zergling x4  
  113  6:50  Zergling x2  
  113  6:51  Zergling x10  
  121  6:54  Overlord  
  121  6:56  Baneling x2, Overlord x2  
  121  6:59  Evolution Chamber  
  121  7:00  Baneling x2  
  121  7:01  Overlord  
  120  7:04  Drone  
  120  7:07  Overlord  
  121  7:14  Drone x3  
  124  7:17  Overseer  
  124  7:18  Drone  
  124  7:19  Drone x9  
  133  7:25  Zergling x4  
  133  7:26  Zerg Melee Weapons Level 1  
  133  7:28  Zergling x2  
  136  7:36  Baneling x8  
  135  7:37  Zergling x6  
  135  7:39  Zergling x2, Queen  
  135  7:41  Zerg Ground Armor Level 2  
  141  7:44  Zergling x2  
  141  7:47  Zergling x10  
  141  7:48  Infestation Pit  
  141  7:50  Zergling x6, Hatchery  
  147  7:53  Zergling x2  
  147  7:54  Zergling x2  
  147  7:56  Overlord  
  147  7:57  Drone  
  143  7:59  Drone  
  143  8:01  Drone x2  
  143  8:02  Drone  
  143  8:03  Drone  
  144  8:08  Baneling x11  
  144  8:09  Drone  
  144  8:10  Drone  
  146  8:14  Extractor  
  146  8:15  Zergling x6  
  146  8:16  Hatchery  
  146  8:17  Zergling x4  
  146  8:19  Baneling x3  
  149  8:20  Baneling  
  149  8:21  Zergling x2, Baneling x3  
  149  8:22  Zergling x2  
  149  8:23  Drone  
  149  8:26  Zergling x8  
  156  8:32  Overlord  
  156  8:33  Drone  
  156  8:38  Zergling x10, Hive  
  156  8:40  Drone  
  160  8:44  Zergling x2  
  160  8:46  Overlord  
  161  8:50  Zergling x6  
  161  8:51  Zergling x4  
  165  8:58  Zergling x14  
  165  8:59  Zergling x2  
  165  9:00  Baneling x4  
  165  9:01  Baneling x9  
  166  9:08  Zergling x12  
  139  9:14  Zergling x6  
  125  9:17  Zergling x4  
  125  9:19  Baneling x4  
  125  9:21  Zergling x2  
  128  9:25  Zergling x8  
  130  9:31  Zergling x10  
  132  9:39  Zergling x2  
  132  9:42  Zergling x4  
  132  9:45  Baneling x4  
  133  9:49  Zergling x6  
  132  9:54  Queen  
  132  9:55  Viper  
  132  9:57  Overlord  
  137  10:04  Zergling x8  
  137  10:05  Zergling x2  
  137  10:06  Queen  
  127  10:08  Baneling x7  
  127  10:09  Baneling x4  
  127  10:11  Queen  
  127  10:14  Zergling x6  
  127  10:17  Zergling x6  
  128  10:21  Hydralisk Den  
  128  10:23  Queen  
  120  10:29  Zergling x4  
  120  10:30  Zergling x6  
  122  10:37  Zergling x6  
  122  10:38  Baneling x4  
  122  10:39  Baneling x2  
  122  10:41  Zergling x4  
  117  10:51  Spore Crawler  
Show
View Real Time Build Order
Export as new Build Order

HeroMarine Terran - Winner!

Build Orders:  

Get SALT Encoding   

  12  0:00  SCV  
  13  0:12  SCV  
  14  0:17  Supply Depot  
  14  0:24  SCV  
  15  0:39  SCV  
  15  0:40  Barracks  
  16  0:44  Refinery  
  16  0:51  SCV  
  17  1:03  SCV  
  18  1:15  SCV  
  19  1:28  Barracks Reactor, Orbital Command  
  19  1:40  Command Center  
  19  1:47  Supply Depot  
  19  1:53  SCV  
  20  2:05  SCV, Marine x2  
  23  2:09  Barracks  
  23  2:17  SCV  
  23  2:19  Barracks  
  24  2:22  Marine  
  24  2:24  Marine  
  24  2:29  SCV  
  27  2:40  Marine  
  27  2:41  SCV, Marine  
  30  2:52  Orbital Command  
  30  2:54  SCV  
  30  2:56  Barracks Tech Lab  
  30  2:58  Marine  
  31  2:59  Marine  
  33  3:06  SCV  
  33  3:08  Barracks Tech Lab  
  34  3:16  Marine  
  34  3:17  Marine x2  
  34  3:18  Supply Depot, SCV  
  39  3:20  SCV, Stimpack  
  39  3:27  Marine  
  39  3:28  Combat Shield  
  39  3:32  SCV  
  39  3:34  SCV, Marine  
  42  3:35  Marine  
  42  3:39  Marine  
  45  3:42  Supply Depot  
  45  3:44  SCV  
  45  3:45  Marine  
  45  3:46  SCV  
  48  3:50  Refinery  
  48  3:52  Marine  
  48  3:54  Marine  
  50  3:56  SCV  
  50  3:57  Marine  
  50  3:58  SCV  
  50  4:00  Engineering Bay  
  53  4:03  Marine  
  53  4:06  Supply Depot  
  53  4:08  SCV  
  55  4:10  SCV  
  55  4:12  Marine x2  
  55  4:14  Marine  
  59  4:20  SCV, Factory, Marine  
  59  4:22  SCV  
  62  4:29  Terran Infantry Weapons Level 1  
  62  4:30  Marine x2  
  64  4:32  SCV  
  64  4:34  SCV  
  64  4:36  Supply Depot, Marine  
  67  4:44  SCV  
  67  4:45  Marine  
  69  4:46  SCV  
  69  4:49  Refinery  
  69  4:50  Refinery  
  70  4:57  SCV, Marine x2  
  70  4:59  SCV  
  74  5:03  Marine  
  74  5:06  Factory Reactor, Starport  
  75  5:09  Supply Depot, SCV  
  75  5:11  SCV  
  77  5:15  Marine  
  78  5:30  SCV x2, Marine x2  
  78  5:33  Marine  
  61  5:39  Command Center  
  61  5:44  Barracks Reactor  
  61  5:47  SCV x2  
  61  5:48  Barracks Reactor, Marine x2  
  65  5:50  Medivac x2  
  65  5:51  Siege Tank  
  65  5:52  Marine  
  65  5:54  Barracks Reactor  
  73  6:03  SCV x2  
  73  6:04  Barracks  
  75  6:05  Marine  
  75  6:06  Barracks, Marine  
  75  6:10  Marine  
  78  6:15  SCV x2  
  78  6:17  Supply Depot  
  80  6:23  Siege Tank, Marine  
  80  6:24  Marine  
  85  6:27  Marine  
  85  6:31  Terran Infantry Armor Level 1  
  86  6:38  Medivac x2, Marine x2  
  92  6:40  SCV x2  
  94  6:50  Marine x3  
  94  6:53  SCV  
  94  6:54  SCV  
  100  6:56  Barracks Reactor, Marine x2  
  100  6:57  Barracks Reactor, Siege Tank  
  100  7:01  Supply Depot x2  
  104  7:04  Supply Depot  
  106  7:08  Marine x2  
  106  7:09  Marine  
  106  7:12  Orbital Command  
  106  7:15  Marine x2  
  109  7:22  Liberator x2  
  112  7:26  Marine  
  112  7:29  Siege Tank  
  119  7:30  SCV x2  
  119  7:33  Marine  
  119  7:34  Marine x3  
  119  7:35  Marine x2  
  127  7:40  Supply Depot  
  127  7:42  Supply Depot  
  127  7:44  Marine x3  
  127  8:01  Siege Tank, Marine  
  127  8:02  Marine x3  
  127  8:04  Marine x4  
  127  8:05  Marine  
  131  8:13  Liberator  
  131  8:14  Liberator  
  131  8:19  Marine x2  
  141  8:20  Marine  
  141  8:21  Supply Depot, Marine  
  141  8:23  Marine x2  
  141  8:24  Supply Depot  
  141  8:26  Marauder  
  145  8:29  Marine x2  
  147  8:37  Marine x2  
  147  8:38  Marine  
  149  8:43  Siege Tank, Marine  
  149  8:44  Supply Depot  
  149  8:46  Supply Depot  
  153  8:48  Marine x3  
  153  8:49  Marauder  
  153  8:55  Marine x3  
  159  8:57  Marine  
  159  8:58  Liberator  
  155  9:07  Marine x4  
  127  9:10  Marine  
  127  9:13  Marine x2  
  127  9:15  Marine x2  
  123  9:27  Marine  
  123  9:28  Marine  
  123  9:29  Marine x2  
  127  9:32  Liberator  
  127  9:33  Siege Tank  
  127  9:34  Marine  
  127  9:38  Marine x3  
  135  9:39  Marine  
  135  9:41  Liberator  
  135  9:45  Marine  
  141  9:47  Marine x2  
  141  9:48  Marine  
  141  9:52  Marine  
  143  9:54  Orbital Command  
  143  9:56  Marine x3  
  143  9:58  Marine  
  131  10:03  Marine  
  131  10:05  Siege Tank, Marine x2  
  131  10:06  Marine  
  123  10:09  Marine  
  123  10:13  Marine  
  116  10:15  Liberator  
  116  10:17  Marine  
  116  10:19  SCV x2, Marine x2  
  122  10:25  Marine x2  
  121  10:29  Marine  
  121  10:30  Marine  
  121  10:35  Marine x2  
  121  10:37  Marine x2  
Tags
 
Add a new tag
Caveats
  • Supply blocks, unpowered buildings, or Contaminate may cause inaccurate times.
  • Supply counts are checked every 10 seconds.